 Dungeon Crawl Stone Soup version 0.31-a0-1236-gaa9e43cceb (webtiles) character file.

Game seed: 3272642588378866243

21 Bnni the Shooter (level 2, 0/18 HPs)
             Began as a Tengu Hunter on Dec 15, 2023.
             Slain by an orc
             ... wielding a +0 club
              (3 damage)
             ... on level 2 of the Dungeon.
             The game lasted 00:00:21 (826 turns).

Bnni the Shooter (Tengu Hunter)                      Turns: 826, Time: 00:00:22

Health: 0/18       AC:  3    Str: 11    XL:     2   Next: 83%
Magic:  3/3        EV: 12    Int:  9    God:
Gold:   33         SH:  0    Dex: 17    Spells: 1/1 levels left

rFire   . . .        a - +0 shortbow
rCold   . . .        (shield currently unavailable)
rNeg    . . .        c - +0 leather armour
rPois   .            (helmet restricted)
rElec   .            (no cloak)
rCorr   .            (no gloves)
SInv    .            (boots unavailable)
Will    .....        (no amulet)
Stlth   ++           (no ring)
HPRegen 0.23/turn    (no ring)
MPRegen 0.08/turn

%: acrobat
@: no status effects
A: beak, talons 3, acrobatic
a: no special abilities


You were on level 2 of the Dungeon.
You visited 1 branch of the dungeon, and saw 2 of its levels.

You collected 33 gold pieces.

Inventory:

Hand Weapons
 a - a +0 shortbow (weapon)
Armour
 c - a +0 leather armour (worn)
Jewellery
 d - an amulet of guardian spirit
Scrolls
 b - a scroll of butterflies
 e - a scroll of blinking {unknown}
 f - a scroll of identify {unknown}
 g - a scroll of enchant armour {unknown}
 h - a scroll of noise {unknown}
 i - a scroll of fear {unknown}
Potions
 j - a potion of curing {unknown}


   Skills:
 + Level 2.3 Fighting
 * Level 4.9 Ranged Weapons
 + Level 2.5 Dodging
 - Level 1.0 Stealth


You had one spell level left.
You didn't know any spells.
Your spell library was empty.

Dungeon Overview and Level Annotations

Branches:
Dungeon (2/15)

Altars:


Innate Abilities, Weirdness & Mutations

You have a beak for a mouth.
You have claws for feet.
You can magically evade attacks while moving or waiting.


Message History

Found a faded altar of an unknown god.
No target in view!
No target in view!
There is an open door here.
There is an open door here.
There is an open door here.
You see here a rat skeleton.
Found a ring mail.
No target in view!
i - a scroll labelled IKHIRO HO VAF No target in view!
j - a smoky yellow potion No target in view!
You now have 33 gold pieces (gained 10).
Key pressed, stopping explore.
No target in view!
Key pressed, stopping explore.
No target in view!
Key pressed, stopping explore.
No target in view!
No target in view!
Done exploring.
No target in view!
Done exploring.
No target in view!
Done exploring.
No target in view!
There is a stone staircase leading down here.
You climb downwards.
The orc shouts!
The orc priest shouts!
You hear a shout!
The orc shouts! x2
Found a stone staircase leading down and a stone staircase leading up.
There is a stone staircase leading up here.
There are monsters nearby!
There are monsters nearby!
The orc priest calls down the wrath of Beogh upon you.
Beogh smites you!
Ouch! That really hurt!
* * * LOW HITPOINT WARNING * * *
The orc hits you with a +0 club.
You die...

## #... ..
....
###.#....
... ..#
......#
#.#..#
#.#.##...#
#...oo@o#
###o##o##
..# ....
.....
#>.....
.......
#..<....S


You could see an orc priest, an adder and 4 orcs.

Vanquished Creatures
  2 dart slugs (D:1)
  A bat (D:1)
  A giant cockroach (D:1)
  2 hobgoblins (D:1)
  2 ball pythons (D:1)
  2 frilled lizards (D:1)
  3 goblins (D:1)
  2 kobolds (D:1)
  2 rats (D:1)
17 creatures vanquished.

Notes
Turn   | Place    | Note
-------+----------+-------------------------------------------
     0 | D:1      | Bnni the Tengu Hunter began the quest for the Orb.
     0 | D:1      | Reached XP level 1. HP: 12/12 MP: 2/2
   173 | D:1      | Reached XP level 2. HP: 17/17 MP: 3/3
   566 | D:1      | Found a faded altar of an unknown god.
   826 | D:2      | Slain by an orc

Illustrated notes

Levels and vault maps discovered:
D:1:      minmay_arrival_hallway, layout_loops_ring,
          dilly_ecumenical_altar_fadedgnrine, minmay_misc_feat_alley,
          minivault_5, hex_tiny, kennysheep_minor_cross, glass_columns_a
D:2:      minmay_spotlight, layout_rooms

Action                     || total
---------------------------++-------
   Fire: Shortbow          ||    38
 Armour: Leather armour    ||     3
  Dodge: Dodged            ||     7

Table legend: (Time is in decaauts)
 A = Elapsed time spent in this place.
 B = Non-inter-level travel time spent in this place.
 C = Inter-level travel time spent in this place.
 D = Time resting spent in this place.
 E = Time spent auto-exploring this place.
 F = Levels seen in this place.
 G = Mean time per level.
                   A        B        C        D        E       F      G
               +--------+--------+--------+--------+--------+-----+--------+
         Total |    833 |    805 |     28 |      0 |    727 |   2 |  416.5 |
       Dungeon |    833 |    805 |     28 |      0 |    727 |   2 |  416.5 |
               +--------+--------+--------+--------+--------+-----+--------+

Top non-repeatable levels by time:
     D:1: 833 daAuts
     D:2: 0 daAuts
